BSA
PORTLAND PHILOSPHER KINGS @ KANSAS CITY KINGS
03/18/2024
 
TOP OF THE 1ST
Portland Philospher Kings batting - Pitching for Kansas City Kings : LHP Jesús López
Pitching: LHP Jesús López
Batting: RHB Dani Vázquez 0-0: Ball
1-0: Foul Ball, location: 2F
1-1: Swinging Strike
1-2: Strikes out looking
Batting: RHB Paco Arellano 0-0: Ball
1-0: Foul Ball, location: 2F
1-1: Foul Ball, location: 2F
1-2: Ball
2-2: Ball
3-2: Base on Balls
Batting: RHB Lorenzo Morín 0-0: Ball
1-0: Called Strike
1-1: 2-RUN HOME RUN (Flyball, 7D), Distance : 390 ft
Batting: SHB José Alomar 0-0: Called Strike
0-1: SINGLE (Groundball, 56D)
Batting: LHB Jeff Daniels 0-0: Called Strike
0-1: Called Strike
0-2: Ball
1-2: Strikes out swinging
Batting: RHB Germán Rosales Pickoff Throw to First - Error! E1
José Alomar to second
0-0: Called Strike
0-1: Ground out 5-3 (Groundball, 5)
Top of the 1st over - 2 run(s), 2 hit(s), 1 error(s), 1 left on base; Portland 2 - Kansas City 0
BOTTOM OF THE 1ST
Kansas City Kings batting - Pitching for Portland Philospher Kings : RHP Yajirobei Endo
Pitching: RHP Yajirobei Endo
Batting: RHB Chris Chandler 0-0: Ball
1-0: Ball
2-0: Foul Ball, location: 2F
2-1: Foul Ball, location: 2F
2-2: Fly out, F6 (Popup, 6MD)
Batting: RHB Aaron Scott 0-0: Ball
1-0: Swinging Strike
1-1: Ball
2-1: Foul Ball, location: 2F
2-2: Ball
3-2: Foul Ball, location: 2F
3-2: Foul Ball, location: 2F
3-2: Foul Ball, location: 2F
3-2: SINGLE (Line Drive, 56)
Batting: SHB Greg Welch 0-0: Foul Ball, location: 2F
0-1: Foul Ball, location: 2F
0-2: Ball
1-2: Ball
2-2: SINGLE (Line Drive, 4)
Aaron Scott to second
Runner from 2nd tries for 3rd, SAFE, throw made to third
Batting: LHB Vic Robertson 0-0: Foul Ball, location: 2F
0-1: 3-RUN HOME RUN (Line Drive, 89XD), Distance : 430 ft
Batting: LHB Marc Nichols 0-0: Called Strike
0-1: Foul Ball, location: 2F
0-2: Ball
1-2: Ball
2-2: Ball
3-2: Ground out 5-3 (Groundball, 56S)
Batting: RHB Alonso Ramos 0-0: Ball
1-0: Ball
2-0: Foul Ball, location: 2F
2-1: SINGLE (Groundball, 4MD)
Batting: LHB Ethan Marshall 0-0: Ball
Alonso Ramos is caught stealing 2nd base
Bottom of the 1st over - 3 run(s), 4 hit(s), 0 error(s), 0 left on base; Portland 2 - Kansas City 3
TOP OF THE 2ND
Portland Philospher Kings batting - Pitching for Kansas City Kings : LHP Jesús López
Batting: LHB Tom Blake 0-0: Called Strike
0-1: Swinging Strike
0-2: Strikes out swinging
Batting: RHB Kazushige Aoki 0-0: Called Strike
0-1: Ball
1-1: Called Strike
1-2: Fly out, F6 (Popup, 6M)
Batting: LHB Bill Bertrand 0-0: Called Strike
0-1: Foul Ball, location: 2F
0-2: Ball
1-2: Foul Ball, location: 2F
1-2: Foul Ball, location: 2F
1-2: Ball
2-2: DOUBLE (Flyball, 8LXD)
Batting: RHB Dani Vázquez 0-0: Foul Ball, location: 2F
0-1: Ball
1-1: Fly out, F9 (Flyball, 89M)
Top of the 2nd over - 0 run(s), 1 hit(s), 0 error(s), 1 left on base; Portland 2 - Kansas City 3
BOTTOM OF THE 2ND
Kansas City Kings batting - Pitching for Portland Philospher Kings : RHP Yajirobei Endo
Batting: LHB Ethan Marshall 0-0: Fly out, F5 (Popup, 25)
Batting: RHB Adrian Prouse 0-0: SINGLE (Groundball, 4M) (infield hit)
Batting: RHB Dave Parker 0-0: Called Strike
Adrian Prouse steals 2nd base
0-1: Called Strike
0-2: Strikes out swinging
Batting: RHB Chris Chandler 0-0: Ball
1-0: SINGLE (Groundball, 34D)
Adrian Prouse to third
Runner from 3rd tries for Home, SAFE, no throw or cutoff
Batting: RHB Aaron Scott 0-0: Ball
1-0: Ball
2-0: Called Strike
2-1: Ball
3-1: Base on Balls
Chris Chandler to second
Batting: SHB Greg Welch 0-0: Ball
1-0: Called Strike
1-1: Ball
2-1: Fielders Choice at 2nd, U6 (Groundball, 6M)
Bottom of the 2nd over - 1 run(s), 2 hit(s), 0 error(s), 2 left on base; Portland 2 - Kansas City 4
TOP OF THE 3RD
Portland Philospher Kings batting - Pitching for Kansas City Kings : LHP Jesús López
Batting: RHB Paco Arellano 0-0: Ball
1-0: Ground out 6-3 (Groundball, 6M)
Batting: RHB Lorenzo Morín 0-0: Foul Ball, location: 2F
0-1: Ball
1-1: Fly out, F2 (Popup, 2LF)
Batting: SHB José Alomar 0-0: Ball
1-0: Ball
2-0: Foul Ball, location: 2F
2-1: Ground out 4-3 (Groundball, 4MS)
Top of the 3rd over - 0 run(s), 0 hit(s), 0 error(s), 0 left on base; Portland 2 - Kansas City 4
BOTTOM OF THE 3RD
Kansas City Kings batting - Pitching for Portland Philospher Kings : RHP Yajirobei Endo
Batting: LHB Vic Robertson 0-0: Ball
1-0: Ground out 4-3 (Groundball, 4M)
Batting: LHB Marc Nichols 0-0: Called Strike
0-1: Foul Ball, location: 2F
0-2: Strikes out swinging
Batting: RHB Alonso Ramos 0-0: Called Strike
0-1: Foul Ball, location: 2F
0-2: Ball
1-2: Foul Ball, location: 2F
1-2: Ball
2-2: Foul Ball, location: 2F
2-2: Ball
3-2: Strikes out looking
Bottom of the 3rd over - 0 run(s), 0 hit(s), 0 error(s), 0 left on base; Portland 2 - Kansas City 4
TOP OF THE 4TH
Portland Philospher Kings batting - Pitching for Kansas City Kings : LHP Jesús López
Batting: LHB Jeff Daniels 0-0: Ball
1-0: Ground out U3 (Groundball, 3)
Batting: RHB Germán Rosales 0-0: Called Strike
0-1: Ball
1-1: Foul Ball, location: 2F
1-2: Ball
2-2: Strikes out swinging
Batting: LHB Tom Blake 0-0: Swinging Strike
0-1: Ball
1-1: Swinging Strike
1-2: SOLO HOME RUN (Flyball, 89XD), Distance : 432 ft
Batting: RHB Kazushige Aoki 0-0: Foul Ball, location: 2F
0-1: Ball
1-1: Foul Ball, location: 2F
1-2: Ball
2-2: SINGLE (Groundball, 56)
Batting: LHB Bill Bertrand 0-0: Ball
1-0: Foul Ball, location: 2F
1-1: Ball
2-1: Called Strike
2-2: Foul Ball, location: 2F
2-2: Ball
Kazushige Aoki steals 2nd base
3-2: Ground out 4-3 (Groundball, 4)
Top of the 4th over - 1 run(s), 2 hit(s), 0 error(s), 1 left on base; Portland 3 - Kansas City 4
BOTTOM OF THE 4TH
Kansas City Kings batting - Pitching for Portland Philospher Kings : RHP Yajirobei Endo
Batting: LHB Ethan Marshall 0-0: Ball
1-0: Swinging Strike
1-1: Ball
2-1: Ball
3-1: Ground out 1-3 (Groundball, 13)
Batting: RHB Adrian Prouse 0-0: Ball
1-0: Ball
2-0: Ball
3-0: Base on Balls
Batting: RHB Dave Parker 0-0: Called Strike
0-1: Ball
1-1: Called Strike
1-2: Foul Ball, location: 2F
1-2: Fly out, F8 (Line Drive, 8RD)
Batting: RHB Chris Chandler 0-0: Ball
1-0: Fly out, F5 (Popup, 5S)
Bottom of the 4th over - 0 run(s), 0 hit(s), 0 error(s), 1 left on base; Portland 3 - Kansas City 4
TOP OF THE 5TH
Portland Philospher Kings batting - Pitching for Kansas City Kings : LHP Jesús López
Pitching: RHP Alberto Márquez
Batting: RHB Dani Vázquez 0-0: Ball
1-0: Ball
2-0: Called Strike
2-1: Swinging Strike
2-2: Ball
3-2: Fly out, F4 (Popup, 4MD)
Batting: RHB Paco Arellano 0-0: Called Strike
0-1: Ball
1-1: Called Strike
1-2: Foul Ball, location: 2F
1-2: Strikes out swinging
Batting: RHB Lorenzo Morín 0-0: Swinging Strike
0-1: Called Strike
0-2: Ball
1-2: Strikes out swinging
Top of the 5th over - 0 run(s), 0 hit(s), 0 error(s), 0 left on base; Portland 3 - Kansas City 4
BOTTOM OF THE 5TH
Kansas City Kings batting - Pitching for Portland Philospher Kings : RHP Yajirobei Endo
Pitching: RHP Arturo Martínez
Batting: RHB Aaron Scott 0-0: Called Strike
0-1: SOLO HOME RUN (Flyball, 9D), Distance : 387 ft
Batting: SHB Greg Welch 0-0: Called Strike
0-1: Foul Ball, location: 2F
0-2: Foul Ball, location: 2F
0-2: Ball
1-2: SINGLE (Line Drive, 6MD)
Batting: LHB Vic Robertson 0-0: Called Strike
0-1: Ball
1-1: Ball
2-1: Foul Ball, location: 2F
2-2: Strikes out swinging
Batting: LHB Marc Nichols 0-0: Ball
1-0: Foul Ball, location: 2F
1-1: Ball
2-1: Foul Ball, location: 2F
2-2: 2-RUN HOME RUN (Flyball, 9D), Distance : 382 ft
Batting: RHB Alonso Ramos 0-0: Ball
1-0: SOLO HOME RUN (Flyball, 78XD), Distance : 435 ft
Pitching: RHP Juan Gonzáles
Batting: LHB Ethan Marshall 0-0: Called Strike
0-1: Ball
1-1: Swinging Strike
1-2: Strikes out swinging
Batting: RHB Adrian Prouse 0-0: Ball
1-0: Ground out 6-3 (Groundball, 6M)
Bottom of the 5th over - 4 run(s), 4 hit(s), 0 error(s), 0 left on base; Portland 3 - Kansas City 8
TOP OF THE 6TH
Portland Philospher Kings batting - Pitching for Kansas City Kings : RHP Alberto Márquez
Batting: SHB José Alomar 0-0: Ground out 4-3 (Groundball, 4)
Batting: LHB Jeff Daniels 0-0: Foul Ball, location: 2F
0-1: Foul Ball, location: 2F
0-2: Ball
1-2: Ball
2-2: Foul Ball, location: 2F
2-2: Foul Ball, location: 2F
2-2: Foul Ball, location: 2F
2-2: SINGLE (Line Drive, 7LS)
Batting: RHB Germán Rosales Pickoff Throw to First - Out!
0-0: Ball
1-0: Called Strike
1-1: Foul Ball, location: 2F
1-2: Strikes out swinging
Top of the 6th over - 0 run(s), 1 hit(s), 0 error(s), 0 left on base; Portland 3 - Kansas City 8
BOTTOM OF THE 6TH
Kansas City Kings batting - Pitching for Portland Philospher Kings : RHP Juan Gonzáles
Batting: RHB Dave Parker 0-0: Called Strike
0-1: Called Strike
0-2: Ball
1-2: Ball
2-2: Ball
3-2: Base on Balls
Pinch Hitting: RHB Tim Chambers 0-0: Foul Ball, location: 2F
0-1: SINGLE (Line Drive, 7S)
Dave Parker to second
Pinch Hitting: LHB Matt Smith 0-0: Ball
1-0: Ball
2-0: SINGLE (Line Drive, 34)
Dave Parker to third
Tim Chambers to second
Batting: SHB Greg Welch 0-0: Called Strike
0-1: Ground out 6-3 (Groundball, 6S)
Dave Parker scores
Tim Chambers to third
Matt Smith to second
Pinch Hitting: LHB Mike Petersen 0-0: DOUBLE (Flyball, 78M)
Tim Chambers scores
Matt Smith scores
Pitching: LHP Edgardo Guzmán
Pinch Hitting: RHB Shigemasa Ishida 0-0: Called Strike
0-1: Called Strike
0-2: Ball
1-2: Ball
2-2: Foul Ball, location: 2F
2-2: Ground out 4-3 (Groundball, 6M)
Mike Petersen to third
Batting: RHB Alonso Ramos 0-0: Called Strike
0-1: Ball
1-1: Ball
2-1: Ball
3-1: Ground out 6-3 (Groundball, 6M)
Bottom of the 6th over - 3 run(s), 3 hit(s), 0 error(s), 1 left on base; Portland 3 - Kansas City 11
TOP OF THE 7TH
Portland Philospher Kings batting - Pitching for Kansas City Kings : RHP Alberto Márquez
Pitching: RHP Sergio Cruz
Now at 2B: Tim Chambers
Now at 3B: Matt Smith
Now in LF: Mike Petersen
Now in RF: Michael Cook
Batting: LHB Tom Blake 0-0: Ball
1-0: Foul Ball, location: 2F
1-1: Ball
2-1: Ball
3-1: SINGLE (Line Drive, 7LS)
Batting: RHB Kazushige Aoki 0-0: Ball
1-0: Called Strike
1-1: Swinging Strike
1-2: Strikes out looking
Batting: LHB Bill Bertrand 0-0: Ball
Tom Blake is caught stealing 2nd base
1-0: Foul Ball, location: 2F
1-1: Ball
2-1: Swinging Strike
2-2: Foul Ball, location: 2F
2-2: Ball
3-2: SOLO HOME RUN (Flyball, 78XD), Distance : 415 ft
Pinch Hitting: LHB Keith Beard 0-0: Ball
1-0: Called Strike
1-1: Ball
2-1: Ball
3-1: Base on Balls
Pinch Hitting: SHB Vicente Martínez 0-0: Ball
Keith Beard steals 2nd base
1-0: Ball
2-0: Called Strike
2-1: Ball
3-1: Called Strike
3-2: Base on Balls
Batting: RHB Carlos García 0-0: Called Strike
0-1: Foul Ball, location: 2F
0-2: Strikes out swinging
Top of the 7th over - 1 run(s), 2 hit(s), 0 error(s), 2 left on base; Portland 4 - Kansas City 11
BOTTOM OF THE 7TH
Kansas City Kings batting - Pitching for Portland Philospher Kings : LHP Edgardo Guzmán
Now at 2B: Vicente Martínez
Now in CF: Keith Beard
Pinch Hitting: RHB Miguel Hernández 0-0: Called Strike
0-1: Called Strike
0-2: Ball
1-2: Foul Ball, location: 2F
1-2: Ball
2-2: Ball
3-2: Strikes out swinging
Batting: RHB Benito Minardi 0-0: Ball
1-0: Ball
2-0: Called Strike
2-1: Foul Ball, location: 2F
2-2: Fly out, F7 (Flyball, 7LM)
Batting: RHB Dave Parker 0-0: Called Strike
0-1: Ball
1-1: Foul Ball, location: 2F
1-2: Strikes out looking
Bottom of the 7th over - 0 run(s), 0 hit(s), 0 error(s), 0 left on base; Portland 4 - Kansas City 11
TOP OF THE 8TH
Portland Philospher Kings batting - Pitching for Kansas City Kings : RHP Sergio Cruz
Now at 2B: Miguel Hernández
Pinch Hitting: LHB Paul Mullins 0-0: SOLO HOME RUN (Flyball, 89XD), Distance : 411 ft
Pinch Hitting: RHB Juan Rico 0-0: Foul Ball, location: 2F
0-1: Ball
1-1: Ground out 5-3 (Groundball, 56)
Batting: RHB Germán Rosales 0-0: Ball
1-0: Called Strike
1-1: Foul Ball, location: 2F
1-2: Foul Ball, location: 2F
1-2: Ball
2-2: Strikes out looking
Pinch Hitting: LHB Mike Young 0-0: Called Strike
0-1: Swinging Strike
0-2: SINGLE (Groundball, 5D)
Pinch Hitting: RHB Lonson Seals 0-0: Called Strike
0-1: Foul Ball, location: 2F
0-2: Ball
1-2: Ball
2-2: Ball
3-2: Strikes out swinging
Top of the 8th over - 1 run(s), 2 hit(s), 0 error(s), 1 left on base; Portland 5 - Kansas City 11
BOTTOM OF THE 8TH
Kansas City Kings batting - Pitching for Portland Philospher Kings : LHP Edgardo Guzmán
Now at 1B: Paul Mullins
Now at SS: Elpidio Martinho
Now in LF: Mike Young
Now in RF: Lonson Seals
Batting: RHB Tim Chambers 0-0: Fly out, F3 (Popup, 3)
Batting: LHB Matt Smith 0-0: Ball
1-0: Called Strike
1-1: Ball
2-1: Foul Ball, location: 2F
2-2: Foul Ball, location: 2F
2-2: Foul Ball, location: 2F
2-2: Foul Ball, location: 2F
2-2: SINGLE (Groundball, 3L)
Pitching: LHP Rob Greene
Batting: SHB Greg Welch 0-0: Ball
1-0: Ball
2-0: Grounds into double play, U6-3 (Groundball, 6M)
Bottom of the 8th over - 0 run(s), 1 hit(s), 0 error(s), 0 left on base; Portland 5 - Kansas City 11
TOP OF THE 9TH
Portland Philospher Kings batting - Pitching for Kansas City Kings : RHP Sergio Cruz
Now at C: Víctor Serrano
Pinch Hitting: RHB Willie Houk 0-0: Ball
1-0: Foul Ball, location: 2F
1-1: Called Strike
1-2: Strikes out looking
Batting: LHB Keith Beard 0-0: Called Strike
0-1: Ground out 1-3 (Groundball, 25)
Batting: SHB Vicente Martínez 0-0: Ball
1-0: Foul Ball, location: 2F
1-1: Reached on error, E6 (Groundball, 6M)
Batting: RHB Carlos García 0-0: Called Strike
0-1: 2-RUN HOME RUN (Flyball, 9D), Distance : 375 ft
Pitching: RHP Tom McConnell
Batting: LHB Paul Mullins 0-0: Ball
1-0: Ball
2-0: Called Strike
2-1: SOLO HOME RUN (Flyball, 89XD), Distance : 435 ft
Batting: RHB Elpidio Martinho 0-0: Ground out 4-3 (Groundball, 4M)
Top of the 9th over - 3 run(s), 2 hit(s), 1 error(s), 0 left on base; Portland 8 - Kansas City 11
This league is powered by Out of the Park Baseball, the baseball management simulation game for PC, Mac and Linux
Saturday, April 9th, 2016 - OOTP Baseball 16.8 Build 38